3AAA
SUNSET DISTRICT FOG @ HIALEAH DODOS
07/11/2033
 
TOP OF THE 1ST
Sunset District Fog batting - Pitching for Hialeah Dodos : RHP Wu-shiun Lao
Pitching: RHP Wu-shiun Lao
Batting: LHB Rodrigo Rodríguez 0-0: Called Strike
0-1: Ball
1-1: Swinging Strike
1-2: Ball
2-2: Foul Ball, location: 2F
2-2: Strikes out swinging
Batting: RHB Cristián Coronado 0-0: Called Strike
0-1: Ball
1-1: Ball
2-1: Ball
3-1: DOUBLE (Line Drive, 89S)
Batting: RHB Xavier Gama 0-0: Ball
1-0: 2-RUN HOME RUN (Flyball, 7D), Distance : 381 ft
Batting: LHB Ieyoshi Samurakami 0-0: Ball
1-0: Foul Ball, location: 2F
1-1: Ball
2-1: SOLO HOME RUN (Flyball, 9D), Distance : 373 ft
Batting: SHB José Rico 0-0: Ball
1-0: Foul Ball, location: 2F
1-1: SINGLE (Groundball, 6) (infield hit)
Batting: RHB Javier Carretero 0-0: Called Strike
0-1: Ball
1-1: Ball
2-1: 2-RUN HOME RUN (Flyball, 7LD), Distance : 342 ft
Batting: SHB José Ángel 0-0: Ground out U3 (Groundball, 3)
Batting: RHB Mikael Evangjeli 0-0: Called Strike
0-1: Swinging Strike
0-2: Ball
1-2: Strikes out swinging
Top of the 1st over - 5 runs, 5 hits, 0 errors, 0 left on base; Sunset District 5 - Hialeah 0
BOTTOM OF THE 1ST
Hialeah Dodos batting - Pitching for Sunset District Fog : LHP Washington Scarpenti
Pitching: LHP Washington Scarpenti
Batting: RHB Jorge Salgado 0-0: Called Strike
0-1: Foul Ball, location: 2F
0-2: Ball
1-2: Ball
2-2: Ball
3-2: Base on Balls
Batting: SHB Javier Gonzáles 0-0: Ball
1-0: Swinging Strike
1-1: Ball
2-1: Ball
3-1: SINGLE (Groundball, 34D)
Jorge Salgado to second
Runner from 2nd tries for 3rd, SAFE, no throw
Batting: RHB Aurelio Álvarez 0-0: Reached on error, E5 (Groundball, 5)
Jorge Salgado scores
Javier Gonzáles to second
Batting: RHB Andrew Crosby 0-0: Ball
1-0: Ball
2-0: Grounds into double play, 6-4-3 (Groundball, 56D)
Javier Gonzáles to third
Batting: LHB Jaime Aguilar 0-0: Ball
1-0: 2-RUN HOME RUN (Line Drive, 9D), Distance : 378 ft
Batting: RHB Jack Head 0-0: Ball
1-0: Ball
2-0: Called Strike
2-1: Ball
3-1: Base on Balls
Batting: LHB Errol Levick 0-0: Called Strike
0-1: Swinging Strike
0-2: Ground out 4-3 (Groundball, 4)
Bottom of the 1st over - 3 runs, 2 hits, 1 error, 1 left on base; Sunset District 5 - Hialeah 3
TOP OF THE 2ND
Sunset District Fog batting - Pitching for Hialeah Dodos : RHP Wu-shiun Lao
Batting: LHB Arnold England 0-0: DOUBLE (Groundball, 3L)
Batting: LHB Rodrigo Rodríguez 0-0: Swinging Strike
0-1: Ball
1-1: Ball
2-1: Foul Ball, location: 2F
2-2: Strikes out swinging
Batting: RHB Cristián Coronado 0-0: Fly out, F7 (Flyball, 7)
Batting: RHB Xavier Gama 0-0: Ball
1-0: Ground out U3 (Groundball, 34)
Top of the 2nd over - 0 runs, 1 hit, 0 errors, 1 left on base; Sunset District 5 - Hialeah 3
BOTTOM OF THE 2ND
Hialeah Dodos batting - Pitching for Sunset District Fog : LHP Washington Scarpenti
Batting: LHB Kendrick Sullivan 0-0: Ball
1-0: Swinging Strike
1-1: Ball
2-1: Ball
3-1: Called Strike
3-2: Base on Balls
Batting: LHB Ramón Castro 0-0: Ball
1-0: Swinging Strike
1-1: Ground out 4-3 (Groundball, 4D)
Kendrick Sullivan to second
Batting: RHB Jorge Salgado 0-0: Called Strike
0-1: Fly out, F8 (Flyball, 78XD)
Runner from 2nd tags up, SAFE at 3rd, no throw
Batting: SHB Javier Gonzáles 0-0: Ball
1-0: DOUBLE (Popup, 23)
Kendrick Sullivan scores
Batting: RHB Aurelio Álvarez 0-0: Foul Ball, location: 2F
0-1: Swinging Strike
0-2: Foul Ball, location: 2F
0-2: Fly out, F9 (Line Drive, 9)
Bottom of the 2nd over - 1 run, 1 hit, 0 errors, 1 left on base; Sunset District 5 - Hialeah 4
TOP OF THE 3RD
Sunset District Fog batting - Pitching for Hialeah Dodos : RHP Wu-shiun Lao
Batting: LHB Ieyoshi Samurakami 0-0: Called Strike
0-1: Swinging Strike
0-2: Ball
1-2: Ball
2-2: Foul Ball, location: 2F
2-2: SINGLE (Line Drive, 34D)
Batting: SHB José Rico 0-0: Foul Ball, location: 2F
0-1: Ball
1-1: Ball
2-1: Foul Ball, location: 2F
2-2: SINGLE (Groundball, 34D)
Ieyoshi Samurakami to second
Runner from 2nd tries for 3rd, SAFE, no throw
Pinch Runner at 3rd Jesús De Jesús:
Batting: RHB Javier Carretero 0-0: Called Strike
0-1: Foul Ball, location: 2F
0-2: Ball
1-2: Foul Ball, location: 2F
1-2: Ball
2-2: Foul Ball, location: 2F
2-2: Strikes out swinging
Batting: SHB José Ángel 0-0: Ball
1-0: Ball
2-0: Swinging Strike
2-1: Foul Ball, location: 2F
2-2: DOUBLE (Line Drive, 9LM)
Jesús De Jesús scores
José Rico to third
Batting: RHB Mikael Evangjeli 0-0: Ball
1-0: Ground out 5-3 (Groundball, 5)
Batting: LHB Arnold England 0-0: Foul Ball, location: 2F
0-1: SINGLE (Groundball, 4D)
José Rico scores
José Ángel to third
Runner from 3rd tries for Home, throw and OUT!
Top of the 3rd over - 2 runs, 4 hits, 0 errors, 1 left on base; Sunset District 7 - Hialeah 4
BOTTOM OF THE 3RD
Hialeah Dodos batting - Pitching for Sunset District Fog : LHP Washington Scarpenti
Now at 1B: Jesús De Jesús
Batting: RHB Andrew Crosby 0-0: Ball
1-0: Foul Ball, location: 2F
1-1: Ball
2-1: Ball
3-1: Called Strike
3-2: Foul Ball, location: 2F
3-2: SOLO HOME RUN (Flyball, 78XD), Distance : 422 ft
Batting: LHB Jaime Aguilar 0-0: Foul Ball, location: 2F
0-1: Ball
1-1: Ball
2-1: Fly out, F8 (Line Drive, 8RM)
Batting: RHB Jack Head 0-0: Ball
1-0: Ground out 6-3 (Groundball, 6)
Batting: LHB Errol Levick 0-0: Called Strike
0-1: Called Strike
0-2: Ball
1-2: Foul Ball, location: 2F
1-2: Strikes out swinging
Bottom of the 3rd over - 1 run, 1 hit, 0 errors, 0 left on base; Sunset District 7 - Hialeah 5
TOP OF THE 4TH
Sunset District Fog batting - Pitching for Hialeah Dodos : RHP Wu-shiun Lao
Batting: LHB Rodrigo Rodríguez 0-0: Ball
1-0: Ball
2-0: Called Strike
2-1: Swinging Strike
2-2: Ground out 2-3 (Groundball, 2L)
Batting: RHB Cristián Coronado 0-0: Swinging Strike
0-1: Fly out, F9 (Flyball, 89S)
Batting: RHB Xavier Gama 0-0: Foul Ball, location: 2F
0-1: Ball
1-1: Foul Ball, location: 2F
1-2: Foul Ball, location: 2F
1-2: Foul Ball, location: 2F
1-2: Ball
2-2: Ball
3-2: Foul Ball, location: 2F
3-2: Foul Ball, location: 2F
3-2: SOLO HOME RUN (Flyball, 9D), Distance : 376 ft
Batting: LHB Jesús De Jesús 0-0: Swinging Strike
0-1: SOLO HOME RUN (Flyball, 9D), Distance : 369 ft
Pitching: RHP Cisco Ortíz
Batting: SHB José Rico 0-0: Called Strike
0-1: Ball
1-1: Ball
2-1: Ball
3-1: Foul Ball, location: 2F
3-2: SINGLE (Groundball, 6D)
Batting: RHB Javier Carretero 0-0: Called Strike
0-1: Ball
1-1: Called Strike
1-2: Foul Ball, location: 2F
1-2: Ball
2-2: Fly out, F9 (Flyball, 89M)
Top of the 4th over - 2 runs, 3 hits, 0 errors, 1 left on base; Sunset District 9 - Hialeah 5
BOTTOM OF THE 4TH
Hialeah Dodos batting - Pitching for Sunset District Fog : LHP Washington Scarpenti
Batting: LHB Kendrick Sullivan 0-0: Ball
1-0: Called Strike
1-1: Ball
2-1: Ball
3-1: Foul Ball, location: 2F
3-2: Fly out, F7 (Line Drive, 78D)
Batting: LHB Ramón Castro 0-0: Ball
1-0: SINGLE (Line Drive, 89S)
Batting: RHB Jorge Salgado 0-0: Ball
1-0: Foul Ball, location: 2F
1-1: Ball
2-1: Ball
Passed Ball!
Ramón Castro to second
3-1: Base on Balls
Batting: SHB Javier Gonzáles 0-0: Fly out, F4 (Line Drive, 4)
Batting: RHB Aurelio Álvarez 0-0: Fielders Choice at 2nd, 6-4 (Groundball, 6)
Bottom of the 4th over - 0 runs, 1 hit, 0 errors, 2 left on base; Sunset District 9 - Hialeah 5
TOP OF THE 5TH
Sunset District Fog batting - Pitching for Hialeah Dodos : RHP Cisco Ortíz
Batting: SHB José Ángel 0-0: Foul Ball, location: 2F
0-1: Ball
1-1: Foul Ball, location: 2F
1-2: Strikes out looking
Batting: RHB Mikael Evangjeli 0-0: Swinging Strike
0-1: Foul Ball, location: 2F
0-2: Ground out 3-1 (Groundball, 34S)
Batting: LHB Arnold England 0-0: Ball
1-0: DOUBLE (Line Drive, 9LM)
Batting: LHB Rodrigo Rodríguez 0-0: Ball
1-0: Ball
2-0: Ball
3-0: Base on Balls
Batting: RHB Cristián Coronado 0-0: Swinging Strike
0-1: Ball
1-1: Called Strike
1-2: Ground out 4-3 (Groundball, 4MS)
Top of the 5th over - 0 runs, 1 hit, 0 errors, 2 left on base; Sunset District 9 - Hialeah 5
BOTTOM OF THE 5TH
Hialeah Dodos batting - Pitching for Sunset District Fog : LHP Washington Scarpenti
Batting: RHB Andrew Crosby 0-0: Called Strike
0-1: Ball
1-1: Swinging Strike
1-2: Ground out 6-3 (Groundball, 56D)
Batting: LHB Jaime Aguilar 0-0: Fly out, F7 (Flyball, 78S)
Batting: RHB Jack Head 0-0: Called Strike
0-1: Ball
1-1: Ball
2-1: DOUBLE (Flyball, 89XD)
Batting: LHB Errol Levick 0-0: Called Strike
0-1: Ball
1-1: SINGLE (Flyball, 78S)
Jack Head to third
Runner from 3rd tries for Home, SAFE, no throw
Batting: LHB Kendrick Sullivan 0-0: Swinging Strike
0-1: Ball
1-1: Called Strike
1-2: Strikes out swinging
Bottom of the 5th over - 1 run, 2 hits, 0 errors, 1 left on base; Sunset District 9 - Hialeah 6
TOP OF THE 6TH
Sunset District Fog batting - Pitching for Hialeah Dodos : RHP Cisco Ortíz
Batting: RHB Xavier Gama 0-0: Ground out 5-3 (Groundball, 25)
Batting: LHB Jesús De Jesús 0-0: Ball
1-0: Swinging Strike
1-1: Called Strike
1-2: Strikes out swinging
Batting: SHB José Rico 0-0: Ball
1-0: Foul Ball, location: 2F
1-1: Foul Ball, location: 2F
1-2: Ball
2-2: Foul Ball, location: 2F
2-2: Foul Ball, location: 2F
2-2: SINGLE (Flyball, 89S)
Batting: RHB Javier Carretero 0-0: Called Strike
0-1: Fly out, F7 (Flyball, 78M)
Top of the 6th over - 0 runs, 1 hit, 0 errors, 1 left on base; Sunset District 9 - Hialeah 6
BOTTOM OF THE 6TH
Hialeah Dodos batting - Pitching for Sunset District Fog : LHP Washington Scarpenti
Pitching: RHP Kendarian Handy-Holly
Batting: LHB Ramón Castro 0-0: Ball
1-0: Foul Ball, location: 2F
1-1: Ball
2-1: Ball
3-1: Base on Balls
Batting: RHB Jorge Salgado 0-0: Ball
1-0: Called Strike
1-1: Called Strike
1-2: Ball
2-2: Strikes out swinging
Batting: SHB Javier Gonzáles 0-0: Hit by Pitch
Ramón Castro to second
Batting: RHB Aurelio Álvarez 0-0: Fly out, F6 (Popup, 6M)
Batting: RHB Andrew Crosby 0-0: Called Strike
0-1: Ball
1-1: Ball
2-1: Foul Ball, location: 2F
2-2: Strikes out swinging
Bottom of the 6th over - 0 runs, 0 hits, 0 errors, 2 left on base; Sunset District 9 - Hialeah 6
TOP OF THE 7TH
Sunset District Fog batting - Pitching for Hialeah Dodos : RHP Cisco Ortíz
Batting: SHB José Ángel 0-0: Called Strike
0-1: Ball
1-1: Ball
2-1: Ball
3-1: Base on Balls
Batting: RHB Mikael Evangjeli 0-0: Sac Bunt - play at first, batter OUT! 2-3
José Ángel to second
Batting: LHB Arnold England 0-0: Ball
1-0: Ball
2-0: Ground out U3 (Groundball, 3)
José Ángel to third
Batting: LHB Rodrigo Rodríguez 0-0: DOUBLE (Line Drive, 8LD)
José Ángel scores
Batting: RHB Cristián Coronado 0-0: Foul Ball, location: 2F
0-1: Ball
1-1: Ball
2-1: SINGLE (Line Drive, 8LS)
Rodrigo Rodríguez to third
Runner from 3rd tries for Home, SAFE, throw made home
Cristián Coronado to second
Pitching: RHP Logan Gregory
Batting: RHB Xavier Gama 0-0: Ball
1-0: Ball
2-0: Swinging Strike
2-1: Ball
3-1: Base on Balls
Batting: LHB Jesús De Jesús 0-0: Called Strike
0-1: Ball
1-1: Ball
2-1: Foul Ball, location: 2F
2-2: Strikes out swinging
Top of the 7th over - 2 runs, 2 hits, 0 errors, 2 left on base; Sunset District 11 - Hialeah 6
BOTTOM OF THE 7TH
Hialeah Dodos batting - Pitching for Sunset District Fog : RHP Kendarian Handy-Holly
Batting: LHB Jaime Aguilar 0-0: Called Strike
0-1: Ball
1-1: Swinging Strike
1-2: Strikes out swinging
Batting: RHB Jack Head 0-0: Swinging Strike
0-1: Called Strike
0-2: Strikes out swinging, 2-3 out at first.
Batting: LHB Errol Levick 0-0: Ball
1-0: Ball
2-0: Called Strike
2-1: Ball
3-1: Base on Balls
Batting: LHB Kendrick Sullivan 0-0: Ball
1-0: Ball
2-0: SINGLE (Groundball, 4) (infield hit)
Errol Levick to second
Batting: LHB Ramón Castro 0-0: Called Strike
0-1: Called Strike
0-2: Ball
1-2: Foul Ball, location: 2F
1-2: Strikes out swinging
Bottom of the 7th over - 0 runs, 1 hit, 0 errors, 2 left on base; Sunset District 11 - Hialeah 6
TOP OF THE 8TH
Sunset District Fog batting - Pitching for Hialeah Dodos : RHP Logan Gregory
Batting: SHB José Rico 0-0: SINGLE (Groundball, 4MD)
Batting: RHB Javier Carretero 0-0: Foul Ball, location: 2F
0-1: Ball
1-1: Called Strike
1-2: Strikes out swinging
Batting: SHB José Ángel 0-0: Foul Ball, location: 2F
0-1: Ball
1-1: Foul Ball, location: 2F
1-2: SINGLE (Groundball, 34S) (infield hit)
José Rico to second
Batting: RHB Mikael Evangjeli 0-0: Called Strike
0-1: Fly out, F4 (Popup, 4D)
Batting: LHB Arnold England 0-0: Foul Ball, location: 2F
0-1: Swinging Strike
0-2: Ball
1-2: Strikes out swinging
Top of the 8th over - 0 runs, 2 hits, 0 errors, 2 left on base; Sunset District 11 - Hialeah 6
BOTTOM OF THE 8TH
Hialeah Dodos batting - Pitching for Sunset District Fog : RHP Kendarian Handy-Holly
Now at 3B: Giuseppe Provolone
Batting: RHB Jorge Salgado 0-0: Ground out 5-3 (Groundball, 56S)
Batting: SHB Javier Gonzáles 0-0: Called Strike
0-1: Ball
1-1: Called Strike
1-2: Strikes out swinging
Batting: RHB Aurelio Álvarez 0-0: Ball
1-0: Swinging Strike
1-1: Foul Ball, location: 2F
1-2: Ball
2-2: SINGLE (Line Drive, 6MD)
Batting: RHB Andrew Crosby 0-0: Fly out, F9 (Flyball, 89S)
Bottom of the 8th over - 0 runs, 1 hit, 0 errors, 1 left on base; Sunset District 11 - Hialeah 6
TOP OF THE 9TH
Sunset District Fog batting - Pitching for Hialeah Dodos : RHP Logan Gregory
Batting: LHB Rodrigo Rodríguez 0-0: Fly out, F7 (Flyball, 7S)
Batting: RHB Cristián Coronado 0-0: Swinging Strike
0-1: Ball
1-1: Ground out 4-3 (Groundball, 4)
Batting: RHB Xavier Gama 0-0: Ball
1-0: SINGLE (Line Drive, 4D)
Batting: LHB Jesús De Jesús 0-0: Ball
Xavier Gama steals 2nd base
1-0: Foul Ball, location: 2F
1-1: Foul Ball, location: 2F
1-2: Ball
2-2: Fly out, F4 (Popup, 4MS)
Top of the 9th over - 0 runs, 1 hit, 0 errors, 1 left on base; Sunset District 11 - Hialeah 6
BOTTOM OF THE 9TH
Hialeah Dodos batting - Pitching for Sunset District Fog : RHP Kendarian Handy-Holly
Batting: LHB Jaime Aguilar 0-0: Called Strike
0-1: Ball
1-1: Swinging Strike
1-2: Strikes out swinging
Batting: RHB Jack Head 0-0: Fly out, F5 (Line Drive, 5)
Batting: LHB Errol Levick 0-0: SINGLE (Groundball, 5D)
Batting: LHB Kendrick Sullivan 0-0: Ball
1-0: Ball
2-0: Called Strike
2-1: Ball
3-1: SINGLE (Groundball, 4S) (infield hit)
Errol Levick to second
Batting: LHB Ramón Castro 0-0: Ball
1-0: Swinging Strike
1-1: Foul Ball, location: 2F
1-2: Ball
2-2: Ball
3-2: SINGLE (Line Drive, 9LS)
Errol Levick to third
Kendrick Sullivan to second
Errol Levick scores
Kendrick Sullivan to third
Batting: RHB Jorge Salgado 0-0: Ball
1-0: Foul Ball, location: 2F
1-1: Hit by Pitch
Ramón Castro to second
Batting: SHB Javier Gonzáles 0-0: Called Strike
0-1: Ball
1-1: Foul Ball, location: 2F
1-2: Fielders Choice at 2nd, 5-4 (Groundball, 56)
Bottom of the 9th over - 1 run, 3 hits, 0 errors, 3 left on base; Sunset District 11 - Hialeah 7
Saturday, December 22nd, 2018 - OOTP Baseball 18.8 Build 76